 Dungeon Crawl Stone Soup version 0.30-a0-743-gbfdf073431 (webtiles) character file.

Game seed: 7767657211460790649

3376 sircluck the Skirmisher (level 9, 0/47 HPs)
             Began as a Spriggan Hunter on Feb 7, 2023.
             Shot with a bolt by an orc warrior (15 damage)
             ... in a bailey.
             The game lasted 00:20:13 (8722 turns).

sircluck the Skirmisher (Spriggan Hunter)           Turns: 8722, Time: 00:20:14

Health: 0/47       AC:  3    Str:  7    XL:     9   Next: 74%
Magic:  10/10      EV: 20    Int: 11    God:
Gold:   421        SH:  0    Dex: 22    Spells: 8/8 levels left

rFire   . . .      SeeInvis +    T - +3 arbalest
rCold   . . .      Faith    .    (shield currently unavailable)
rNeg    . . .      Spirit   .    c - +0 robe
rPois   .          Reflect  .    (helmet restricted)
rElec   .          Harm     .    Q - +0 cloak
rCorr   +          Rampage  .    (gloves unavailable)
Will    +....                    (boots unavailable)
Stlth   +++                      (no amulet)
HPRegen 0.27/turn                l - ring of resist corrosion
MPRegen 0.12/turn                (no ring)

@: very quick
A: very small, no large weapons, unfitting armour, see invisible, speed 3
a: no special abilities


You were in a bailey.
You visited 2 branches of the dungeon, and saw 9 of its levels.
You also visited: Bailey.

You collected 421 gold pieces.

Inventory:

Hand Weapons
 a - a +0 shortbow
 h - a +2 heavy falchion
 n - a +0 arbalest
 v - a +5 flail of holy wrath
 H - a +2 spear of chaos
 I - a +0 club of chaos
 N - a +0 trident
 T - a +3 arbalest (weapon)
Missiles
 f - 16 poisoned darts
 g - 123 stones
 O - a throwing net
Armour
 c - a +0 robe (worn)
 z - a +0 animal skin
 Q - a +0 cloak (worn)
Magical Staves
 L - a staff of conjuration
Jewellery
 l - a ring of resist corrosion (left hand)
 q - a ring of magical power
 D - the amulet "Reptutun" {Spirit Will+}
   (You found it on level 3 of the Dungeon)

   [amulet of guardian spirit]

   It causes incoming damage to be divided between your reserves of health and
   magic.
   Will:      It increases your willpower.
 S - a +6 ring of intelligence
Wands
 w - a wand of flame (12)
 P - a wand of paralysis (9)
Scrolls
 b - 4 scrolls of immolation
 e - a scroll of amnesia
 i - 3 scrolls of magic mapping
 j - 7 scrolls of identify
 o - a scroll of fear
 p - 2 scrolls of enchant armour {unknown}
 r - 3 scrolls of teleportation
 y - 2 scrolls of fog {unknown}
 F - a scroll of vulnerability {unknown}
 J - a scroll of noise {unknown}
 K - a scroll of enchant weapon {unknown}
 R - 2 scrolls of poison {unknown}
Potions
 d - 2 potions of curing
 k - 4 potions of cancellation {unknown}
 m - 2 potions of lignification
 s - a potion of invisibility {unknown}
 t - a potion of resistance {unknown}
 u - a potion of flight {unknown}
 x - a potion of mutation {unknown}
 A - 3 potions of might {unknown}
 B - a potion of magic {unknown}
 C - 3 potions of berserk rage {unknown}
 E - 4 potions of degeneration {unknown}
 G - 3 potions of haste {unknown}
 M - a potion of heal wounds


   Skills:
 + Level 5.0 Fighting
 + Level 12.6 Ranged Weapons
 + Level 4.6 Dodging
 + Level 3.2 Stealth
 + Level 1.1 Evocations


You had 8 spell levels left.
You didn't know any spells.
Your spell library contained the following spells:

 Spells                   Type           Power      Damage    Failure   Level
 Summon Small Mammal      Summ           0%         N/A       34%         1
 Call Canine Familiar     Summ           0%         N/A       71%         3
 Summon Guardian Golem    Hex/Summ       0%         N/A       71%         3


Dungeon Overview and Level Annotations

Branches:
Dungeon (8/15)             Temple (1/1) D:6          Bailey (1/1)
   Lair: D:8-11

Altars:
Ashenzari
Cheibriados
Dithmenos
Elyvilon
Fedhas
Gozag
Hepliaklqana
Kikubaaqudgha
Makhleb
Nemelex Xobeh
Okawaru
Qazlal
Ru
Sif Muna
Trog
Uskayaw
Vehumet
Wu Jian
Xom
Yredelemnul
Zin
The Shining One

Shops:
D:2 [


Innate Abilities, Weirdness & Mutations

You are very small and have problems with some larger weapons.
You are too small for most types of armour.
You have supernaturally acute eyesight. (SInv)
You cover ground extremely quickly. (Speed+++)


Message History

The orc warrior shouts!
You shoot a bolt. The bolt hits the orc warrior!
The orc warrior is heavily wounded.
The orc warrior shoots a bolt.
The bolt hits you!!
An orc comes into view. It is wielding a +0 arbalest.
The orc shoots a bolt.
The bolt completely misses you.
An orc warrior comes into view. It is wielding a +0 arbalest.
You shoot a bolt. The bolt hits the orc warrior!
You kill the orc warrior!
The orc warrior shoots a bolt.
The bolt closely misses you.
The orc shoots a bolt.
The bolt closely misses you.
You shoot a bolt.
The bolt barely misses the orc. x2; The orc shoots a bolt.
The bolt barely misses you.
You shoot a bolt.
The bolt closely misses the orc warrior.
You shoot a bolt. The bolt hits the orc warrior.
The orc warrior is lightly wounded.
The orc warrior shoots a bolt.
The bolt completely misses you.
You shoot a bolt. The bolt hits the orc warrior.
The orc warrior is moderately wounded.
The orc warrior shoots a bolt.
The bolt hits you!
You are too injured to fight recklessly!
Fire: T) +3 arbalest
Press: ? - help, Q - select action, (/) - cycle Shift-Dir - straight line, f/p - orc warrior
Aim: an orc warrior, wielding a +0 arbalest and wearing a +0 ring mail (moderately wounded, 64% to hit)
You shoot a bolt. The bolt hits the orc warrior!
The orc warrior is heavily wounded.
Fire: T) +3 arbalest
Press: ? - help, Q - select action, (/) - cycle Shift-Dir - straight line, f/p - orc warrior
Aim: an orc warrior, wielding a +0 arbalest and wearing a +0 ring mail (heavily wounded, 64% to hit)
You shoot a bolt.
The bolt closely misses the orc warrior.
The orc warrior shoots a bolt.
The bolt barely misses you.
The orc shoots a bolt.
The bolt hits you.
Fire: T) +3 arbalest
Press: ? - help, Q - select action, (/) - cycle Shift-Dir - straight line, f/p - orc warrior
Aim: an orc warrior, wielding a +0 arbalest and wearing a +0 ring mail (heavily wounded, 64% to hit)
You shoot a bolt. The bolt barely misses the orc warrior.
The orc warrior shoots a bolt.
The bolt hits you!
You die...

... .. ≈..... ..
...≈ ∩)##≈.....# .#
...≈##o#≈≈.....# .#
...≈≈≈o≈≈......#
#......o.......#
#.............#
#.............#
#....@.......#
#............#
#............#
#............#
##............#
#.............#
##.............# #
##..............#
####
####...≈≈≈.≈≈......#


You could see an orc warrior and 2 orcs.

Vanquished Creatures
  A troll (D:6)
  A wyvern (D:6)
  The ghost of Bediveer the Changer, an amateur DrTm (D:4)
  2 water moccasins
  3 ice beasts
  5 orc warriors
  A hornet zombie (D:6)
  2 ogres
  A sky beast (D:6)
  A centaur (D:7)
  4 phantoms
  A bullfrog (D:6)
  2 scorpions
  3 necrophages
  A gnoll sergeant (D:6)
  5 hounds
  2 orc priests (D:3)
  3 jellies
  Terence (D:3)
  4 iguanas
  An orc wizard (D:7)
  A howler monkey zombie (D:6)
  9 gnolls
  7 adders
  A shadow imp (D:8)
  A white imp (D:5)
  3 ufetubi
  A worm (D:2)
  2 dart slugs
  36 orcs
  7 ball pythons
  5 bats
  11 endoplasms
  5 giant cockroaches
  16 goblins
  11 hobgoblins
  2 jackals (D:5)
  7 kobolds
  2 frilled lizards (D:1)
  5 rats
177 creatures vanquished.

Notes
Turn   | Place    | Note
-------+----------+-------------------------------------------
     0 | D:1      | sircluck the Spriggan Hunter began the quest for the Orb.
     0 | D:1      | Reached XP level 1. HP: 10/10 MP: 2/2
   201 | D:1      | Reached XP level 2. HP: 11/14 MP: 3/3
   800 | D:2      | Reached skill level 5 in Ranged Weapons
   800 | D:2      | Reached XP level 3. HP: 18/18 MP: 4/4
   813 | D:2      | Found a sacrificial altar of Ru.
   831 | D:2      | Found Unesyt's Armour Shop.
  1812 | D:3      | Noticed Terence
  1879 | D:3      | Killed Terence
  1880 | D:3      | Reached XP level 4. HP: 19/23 MP: 5/5
  2009 | D:3      | Found a bloodstained altar of Trog.
  2138 | D:3      | Reached skill level 6 in Ranged Weapons
  2154 | D:3      | Reached XP level 5. HP: 9/26 MP: 6/6
  2567 | D:3      | Identified the amulet "Reptutun" {Spirit Will+}
  2927 | D:4      | Noticed a phantom
  2943 | D:4      | Killed a phantom
  2963 | D:4      | Found a runed translucent door.
  2980 | D:4      | Noticed Bediveer's ghost (amateur DrTm)
  3003 | D:4      | Reached XP level 6. HP: 13/30 MP: 7/7
  3021 | D:4      | Killed Bediveer's ghost
  3022 | D:4      | Reached skill level 7 in Ranged Weapons
  3085 | D:4      | Found a runed translucent door.
  3528 | D:4      | Reached XP level 7. HP: 35/35 MP: 8/8
  3809 | D:5      | Entered Level 5 of the Dungeon
  3946 | D:5      | Reached skill level 8 in Ranged Weapons
  4123 | D:5      | Found a shimmering altar of Xom.
  4361 | D:5      | Reached skill level 9 in Ranged Weapons
  4368 | D:5      | Reached XP level 8. HP: 20/40 MP: 9/9
  4529 | D:5      | HP: 2/40 [white imp/puff of frost (8)]
  5321 | D:6      | Found a staircase to the Ecumenical Temple.
  5385 | D:6      | Noticed a troll
  5392 | D:6      | Killed a troll
  5393 | D:6      | Reached skill level 10 in Ranged Weapons
  5930 | D:6      | Reached skill level 11 in Ranged Weapons
  5930 | D:6      | Reached XP level 9. HP: 38/46 MP: 10/10
  6249 | D:6      | Found a basalt altar of Yredelemnul.
  6577 | Temple   | Entered the Ecumenical Temple
  6577 | Temple   | Found a transporter.
  6577 | Temple   | Found a transporter.
  6579 | Temple   | Found a transporter.
  6579 | Temple   | Found a transporter.
  7438 | D:7      | Reached skill level 12 in Ranged Weapons
  8200 | D:8      | Found a flagged portal.
  8232 | Bailey   | Entered a bailey
  8351 | Bailey   | Reached skill level 1 in Evocations
  8357 | Bailey   | HP: 1/46 [orc/bolt (10)]
  8553 | Bailey   | Reached skill level 5 in Fighting
  8722 | Bailey   | Shot with a bolt by an orc warrior

Illustrated notes

Levels and vault maps discovered:
D:1:      scummos_arrival_star, layout_loops_ring
D:2:      layout_basic, serial_shops, shop_fountains, basic_altar
D:3:      layout_loops_corners, trog_hazing_becter, serial_park_tiny_pond,
          minmay_misc_feat_four_crosses, uniq_terence
D:4:      layout_loops_ring, ebering_ghost_sewer_f
D:5:      layout_basic, tgw_xom, hangedman_abyss_or_decor_slice
D:6:      layout_basic, lemuel_zombie_altar_yredelemnul,
          minmay_temple_entry_waves
D:7:      layout_loops_corners
D:8:      layout_layer_cave, enter_bailey_5
Temple:   hellmonk_temple_divided_pantheon
Bailey:   bailey_polearm_2, bailey

Skill      XL: |  1  2  3  4  5  6  7  8  9 |
---------------+----------------------------+-----
Dodging        | 3 4 |  4.6
Ranged Weapons | 5 6 7 9 11 12 | 12.6
Fighting       | 2 3 4 5 |  5.0
Stealth        | 2 3 |  3.2
Evocations     | 1 |  1.1

Action                     |  1- 3 |  4- 6 |  7- 9 || total
---------------------------+-------+-------+-------++-------
   Fire: Shortbow          |    89 |   138 |   424 ||   651
         Arbalest          |       |       |    37 ||    37
  Evoke: Wand              |       |     3 |     2 ||     5
    Use: Scroll            |     1 |     4 |     4 ||     9
         Potion            |       |     3 |     4 ||     7
 Armour: Robe              |       |     5 |     4 ||     9
         Skin              |       |    11 |       ||    11
  Dodge: Dodged            |    15 |    34 |   189 ||   238

Table legend: (Time is in decaauts)
 A = Elapsed time spent in this place.
 B = Non-inter-level travel time spent in this place.
 C = Inter-level travel time spent in this place.
 D = Time resting spent in this place.
 E = Time spent auto-exploring this place.
 F = Levels seen in this place.
 G = Mean time per level.
                   A        B        C        D        E       F      G
               +--------+--------+--------+--------+--------+-----+--------+
         Total |   6437 |   6113 |    324 |    990 |   3719 |  10 |  643.7 |
       Dungeon |   5961 |   5637 |    324 |    695 |   3668 |   8 |  745.1 |
        Temple |     24 |     24 |      0 |      0 |      3 |   1 |   24.0 |
        Bailey |    451 |    451 |      0 |    295 |     47 |   1 |  451.0 |
               +--------+--------+--------+--------+--------+-----+--------+

Top non-repeatable levels by time:
     D:5: 1205 daAuts
     D:6: 1129 daAuts
     D:7: 872 daAuts
     D:3: 860 daAuts
     D:4: 665 daAuts
     D:2: 653 daAuts
  Bailey: 451 daAuts
     D:1: 419 daAuts
     D:8: 155 daAuts
  Temple: 24 daAuts
